 Dungeon Crawl Stone Soup version 0.31.0-9-g3a7656b989 (webtiles) character file.

Game seed: 4582105397724816466

1336 qw the Skirmisher (level 8, -4/45 HPs)
             Began as a Deep Elf Hunter on Feb 2, 2024.
             Was a Believer of Okawaru.
             Slain by a lemure (5 damage)
             ... led by Pikel
             ... on level 7 of the Dungeon.
             The game lasted 00:00:26 (4910 turns).

qw the Skirmisher (Deep Elf Hunter)                 Turns: 4910, Time: 00:00:27

Health: -4/45      AC:  7    Str: 10    XL:     8   Next: 35%
Magic:  13/13      EV: 13    Int: 15    God:    Okawaru [**....]
Gold:   437        SH:  0    Dex: 18    Spells: 7/7 levels left

rFire   . . .        a - +1 shortbow
rCold   + . .        (shield currently unavailable)
rNeg    . . .        h - +1 leather armour {rC+}
rPois   .            (no helmet)
rElec   .            g - +0 cloak
rCorr   .            c - +1 pair of gloves
SInv    .            (no boots)
Will    .....        (no amulet)
Stlth   +            (no ring)
HPRegen 0.27/turn    (no ring)
MPRegen 0.13/turn

%: no passive effects
@: on fire, glowing
A: no striking features
a: Renounce Religion, Heroism


You were on level 7 of the Dungeon.
You worshipped Okawaru.
Okawaru was pleased with you.
You visited 1 branch of the dungeon, and saw 7 of its levels.

You collected 437 gold pieces.


   Skills:
 + Level 2.7 Fighting
 - Level 12.3 Ranged Weapons
 - Level 0.1 Armour
 - Level 4.0 Dodging
 - Level 1.2 Stealth
 - Level 4.0 Invocations


You had 7 spell levels left.
You didn't know any spells.
Your spell library was empty.

Inventory:

Hand Weapons
 a - a +1 shortbow (weapon)
Armour
 c - a +1 pair of gloves (worn)
 g - a +0 cloak (worn)
 h - a +1 leather armour of cold resistance (worn)
 i - a +0 ring mail
Potions
 b - a potion of haste
 d - 4 potions of curing
 e - a potion of mutation {unknown}
 f - a potion of enlightenment

Dungeon Overview and Level Annotations

Branches:
Dungeon (7/15)             Temple (0/1) D:5

Altars:
Hepliaklqana
Okawaru
Ru
Uskayaw
Yredelemnul
The Shining One

Annotations:
D:7 Pikel


Message History

You shoot an arrow. The arrow hits the bombardier beetle.
The bombardier beetle is moderately wounded.
The bombardier beetle closely misses you.
The orc wizard mumbles some strange words.
The orc wizard flickers and vanishes!
The lemure barely misses you.
You shoot an arrow. The arrow hits the bombardier beetle.
The bombardier beetle is heavily wounded.
Something hits you but does no damage. The lemure closely misses you.
You shoot an arrow.
The arrow barely misses the bombardier beetle.
The bombardier beetle sprays incendiary fluid at you.
The burning spray misses you.
The burning spray misses the lemure.
You shoot an arrow.
The arrow barely misses the bombardier beetle.
Pikel, Merchant of Souls comes into view.
He is wielding a +1 whip of freezing.
Something hits you. The lemure barely misses you.
You shoot an arrow.
The arrow closely misses the bombardier beetle.
Something barely misses you. The lemure misses you.
The bombardier beetle sprays incendiary fluid at you.
The burning spray hits you.
You are covered in liquid fire!
You shoot an arrow. The arrow hits the bombardier beetle.
The bombardier beetle is severely wounded.
The liquid fire burns you! Something hits you but does no damage.
The lemure hits you.
You shoot an arrow. The arrow hits the bombardier beetle!
You kill the bombardier beetle!
Okawaru accepts your kill. The liquid fire burns you!
You shoot an arrow. The arrow hits the lemure!
The lemure is moderately wounded.
The liquid fire burns you! Something hits you but does no damage.
The lemure hits you but does no damage.
You shoot an arrow.
The arrow hits the lemure but does no damage.
The lemure is moderately wounded.
The liquid fire burns you! Something hits you. The lemure hits you.
You die...

.... .. ###.
....##.# ##...
#......# . ....
#......## .. ...
####.......
##.###.##........#
........#.......#
.###.##{5o......#
......#@#.o.....#
##.##.%.#.K..<..#
#.#.#####...#
...#..# ##..# #.#
#.#. #... #...
..#.# #... ..#
.#.### ..... .#
#.. ###.


You could see Pikel, a lemure and 2 orcs.

Vanquished Creatures
  A shadow (D:6)
  Eustachio (D:4)
  An ice beast (D:5)
  An ogre (D:4)
  3 lemures (D:7)
  A scorpion (D:5)
  4 wights (D:6)
  A howler monkey (D:6)
  2 hounds
  A jelly (D:6)
  2 bombardier beetles
  An orc priest (D:4)
  2 sleepcaps (D:5)
  Terence (D:3)
  2 iguanas (D:5)
  2 orc wizards
  9 adders
  A white imp (D:6)
  2 ufetubi (D:6)
  A ribbon worm (D:2)
  3 dart slugs
  14 orcs
  4 bats
  9 endoplasms
  A giant cockroach (D:4)
  3 goblins
  2 hobgoblins
  4 quokkas
  11 ball pythons
  5 frilled lizards
  7 kobolds
  4 rats
106 creatures vanquished.

Notes
Turn   | Place    | Note
-------+----------+-------------------------------------------
     0 | D:1      | qw the Deep Elf Hunter began the quest for the Orb.
     0 | D:1      | Reached XP level 1. HP: 12/12 MP: 3/3
     0 | D:1      | 0 ||| qw: Version: 0.3-a-155-g5e7d8dd
     0 | D:1      | 0 ||| qw: Game counter: 1003
     0 | D:1      | 0 ||| qw: Melee chars always use a shield: true
     0 | D:1      | 0 ||| qw: God list: Okawaru
     0 | D:1      | 0 ||| qw: Allow faded altars: false
     0 | D:1      | 0 ||| qw: Do Orc after clearing Dungeon:15 true
     0 | D:1      | 0 ||| qw: Do second Lair branch before Depths: true
     0 | D:1      | 0 ||| qw: Lair rune preference: random
     0 | D:1      | 0 ||| qw: Goals: Normal
     0 | D:1      | 0 ||| PLANNING D:1-11
   136 | D:1      | Reached XP level 2. HP: 16/16 MP: 4/4
   139 | D:1      | Reached skill level 6 in Ranged Weapons
   748 | D:1      | 748 ||| UPGRADING to +0 ring mail.
   758 | D:1      | 758 ||| DROPPING +0 leather armour.
   759 | D:1      | 759 ||| READING scroll labelled NAIBO JAAPNUA.
   759 | D:1      | 759 ||| IDENTIFYING smoky pink potion
   760 | D:1      | 760 ||| READING 2 scrolls labelled NEXYIPN FIACVE.
   761 | D:1      | 761 ||| DROPPING scroll of butterflies.
   762 | D:1      | 762 ||| DROPPING potion of brilliance.
   763 | D:1      | 763 ||| DROPPING scroll of blinking.
   794 | D:2      | Reached XP level 3. HP: 20/20 MP: 5/5
   899 | D:2      | Reached skill level 7 in Ranged Weapons
  1327 | D:2      | Reached XP level 4. HP: 25/25 MP: 6/6
  1508 | D:2      | 1508 ||| UPGRADING to +0 cloak.
  1513 | D:2      | 1513 ||| READING scroll of identify.
  1513 | D:2      | 1513 ||| IDENTIFYING murky yellow potion
  1514 | D:2      | 1514 ||| READING scroll labelled CUROOT QUCO.
  1515 | D:2      | 1515 ||| READING scroll labelled ZAREADGH ITIORPH.
  1516 | D:2      | 1516 ||| READING scroll labelled VILIYCZ XIMEU.
  1519 | D:2      | 1519 ||| DRINKING 2 green potions.
  1520 | D:2      | 1520 ||| FLEEEEING.
  1521 | D:2      | 1521 ||| FLEEEEING.
  1522 | D:2      | 1522 ||| FLEEEEING.
  1523 | D:2      | 1523 ||| FLEEEEING.
  1524 | D:2      | 1524 ||| FLEEEEING.
  1525 | D:2      | 1525 ||| FLEEEEING.
  1526 | D:2      | 1526 ||| FLEEEEING.
  1527 | D:2      | 1527 ||| FLEEEEING.
  1528 | D:2      | 1528 ||| FLEEEEING.
  1529 | D:2      | 1529 ||| FLEEEEING.
  1530 | D:2      | 1530 ||| FLEEEEING.
  1531 | D:2      | 1531 ||| FLEEEEING.
  1532 | D:2      | 1532 ||| FLEEEEING.
  1533 | D:2      | 1533 ||| FLEEEEING.
  1534 | D:2      | 1534 ||| FLEEEEING.
  1535 | D:2      | 1535 ||| FLEEEEING.
  1536 | D:2      | 1536 ||| FLEEEEING.
  1537 | D:2      | 1537 ||| FLEEEEING.
  1538 | D:2      | 1538 ||| FLEEEEING.
  1539 | D:2      | 1539 ||| FLEEEEING.
  1540 | D:2      | 1540 ||| FLEEEEING.
  1541 | D:2      | 1541 ||| FLEEEEING.
  1542 | D:2      | 1542 ||| FLEEEEING.
  1543 | D:2      | 1543 ||| FLEEEEING.
  1544 | D:2      | 1544 ||| FLEEEEING.
  1545 | D:2      | 1545 ||| FLEEEEING.
  1546 | D:2      | 1546 ||| FLEEEEING.
  1547 | D:2      | 1547 ||| STAIRDANCE
  1649 | D:1      | 1649 ||| DROPPING potion of berserk rage.
  1650 | D:1      | 1650 ||| DROPPING potion of lignification.
  1675 | D:3      | Noticed Terence
  1688 | D:3      | Killed Terence
  1829 | D:3      | Reached skill level 8 in Ranged Weapons
  2006 | D:3      | You fall into a shaft and drop 2 floors!
  2006 | D:5      | Entered Level 5 of the Dungeon
  2006 | D:5      | Found a hazy altar of Hepliaklqana.
  2020 | D:5      | Reached XP level 5. HP: 29/29 MP: 7/7
  2056 | D:5      | 2056 ||| UPGRADING to +0 pair of gloves.
  2061 | D:5      | 2061 ||| READING 2 scrolls of identify.
  2061 | D:5      | 2061 ||| IDENTIFYING cyan potion
  2062 | D:5      | 2062 ||| READING scroll of identify.
  2062 | D:5      | 2062 ||| IDENTIFYING murky blue potion
  2063 | D:5      | 2063 ||| DRINKING 2 puce potions.
  2064 | D:5      | 2064 ||| DRINKING 2 fizzy inky potions.
  2065 | D:5      | 2065 ||| DROPPING potion of attraction.
  2073 | D:4      | Found an iron altar of Okawaru.
  2074 | D:4      | 2074 ||| PLANNING OKAWARU WORSHIP
  2102 | D:4      | Became a worshipper of Warmaster Okawaru
  2103 | D:4      | 2103 ||| PLANNING D:1-11
  2156 | D:4      | Noticed Eustachio
  2157 | D:4      | 2157 ||| DRINKING potion of haste.
  2172 | D:4      | 2172 ||| RETREEEEATING.
  2173 | D:4      | 2173 ||| RETREEEEATING.
  2174 | D:4      | 2174 ||| RETREEEEATING.
  2175 | D:4      | 2175 ||| RETREEEEATING.
  2176 | D:4      | 2176 ||| RETREEEEATING.
  2185 | D:4      | Killed Eustachio
  2186 | D:4      | Reached skill level 9 in Ranged Weapons
  2186 | D:4      | Reached XP level 6. HP: 33/34 MP: 8/8
  2256 | D:4      | HP: 7/35 [orc priest/divine providence (13)]
  2257 | D:4      | 2257 ||| DRINKING potion of heal wounds.
  2307 | D:4      | Found a basalt altar of Yredelemnul.
  2364 | D:4      | 2364 ||| UPGRADING to +1 leather armour of cold resistance.
  2374 | D:4      | 2374 ||| READING scroll labelled BARPHI PEIG.
  2374 | D:4      | 2374 ||| ENCHANTING +0 shortbow.
  2392 | D:3      | Found a faded altar of an unknown god.
  2395 | D:3      | Found a hide-covered altar of Uskayaw.
  2439 | D:3      | Found a faded altar of an unknown god.
  2666 | D:3      | Found a sacrificial altar of Ru.
  2779 | D:3      | 2779 ||| READING scroll labelled QOCUSU IQUNEING.
  2932 | D:4      | Reached skill level 3 in Dodging
  3246 | D:4      | Reached * piety under Okawaru
  3247 | D:4      | Reached skill level 10 in Ranged Weapons
  3260 | D:4      | Reached XP level 7. HP: 40/40 MP: 9/9
  3466 | D:4      | 3466 ||| READING scroll of identify.
  3466 | D:4      | 3466 ||| IDENTIFYING purple potion
  3607 | D:5      | Reached skill level 1 in Invocations
  3623 | D:5      | Found a staircase to the Ecumenical Temple.
  3884 | D:5      | Reached skill level 3 in Invocations
  4171 | D:5      | 4171 ||| READING scroll labelled HIVUON BAFOILA.
  4229 | D:6      | Identified the +9 rapier of Lies {freeze, rPois}
  4273 | D:6      | Reached ** piety under Okawaru
  4274 | D:6      | Reached skill level 11 in Ranged Weapons
  4337 | D:6      | 4337 ||| RETREEEEATING.
  4339 | D:6      | 4339 ||| RETREEEEATING.
  4344 | D:6      | 4344 ||| RETREEEEATING.
  4345 | D:6      | 4345 ||| RETREEEEATING.
  4346 | D:6      | 4346 ||| RETREEEEATING.
  4348 | D:6      | Reached XP level 8. HP: 44/44 MP: 13/13
  4355 | D:6      | 4355 ||| READING scroll of teleportation.
  4356 | D:6      | 4356 ||| DRINKING 2 potions of heal wounds.
  4573 | D:6      | Found a glowing golden altar of the Shining One.
  4705 | D:6      | HP: 10/40 [shadow (3)]
  4706 | D:6      | 4706 ||| READING scroll of teleportation.
  4707 | D:6      | 4707 ||| DRINKING potion of heal wounds.
  4711 | D:6      | Reached skill level 12 in Ranged Weapons
  4723 | D:6      | 4723 ||| FLEEEEING.
  4727 | D:6      | 4727 ||| FLEEEEING.
  4728 | D:6      | 4728 ||| FLEEEEING.
  4729 | D:6      | 4729 ||| FLEEEEING.
  4730 | D:6      | 4730 ||| FLEEEEING.
  4731 | D:6      | 4731 ||| FLEEEEING.
  4732 | D:6      | 4732 ||| FLEEEEING.
  4735 | D:6      | 4735 ||| FLEEEEING.
  4736 | D:6      | 4736 ||| FLEEEEING.
  4737 | D:6      | 4737 ||| FLEEEEING.
  4864 | D:6      | 4864 ||| READING scroll labelled SIAPIL YTRUOTH.
  4864 | D:6      | 4864 ||| ENCHANTING +0 pair of gloves.
  4876 | D:7      | 4876 ||| RETREEEEATING.
  4877 | D:7      | 4877 ||| RETREEEEATING.
  4878 | D:7      | 4878 ||| RETREEEEATING.
  4879 | D:7      | 4879 ||| RETREEEEATING.
  4880 | D:7      | 4880 ||| RETREEEEATING.
  4881 | D:7      | 4881 ||| RETREEEEATING.
  4905 | D:7      | Noticed Pikel
  4908 | D:7      | HP: 8/45 [burnt (4)]
  4910 | D:7      | HP: 2/45 [burnt (3)]
  4910 | D:7      | Slain by a lemure

Levels and vault maps discovered:
D:1:      lightli_arrival_farm, layout_basic, minmay_misc_feat_more_columns,
          minmay_pentomino_x4
D:2:      layout_loops_corners
D:3:      layout_basic, nicolae_overflow_ecumenical_swirl, hangedman_ru_absence,
          shapermc_ecumenical_altar_flowoftime, minmay_ruptured, uniq_terence
D:4:      layout_loops_ring, mainiacjoe_overflow_tiny_flanked,
          nicolae_overflow_crystal_walls, hangedman_abyss_or_decor_stagger,
          uniq_eustachio
D:5:      layout_loops_ring, lemuel_crystal_altar,
          minmay_temple_entry_statues_pillars
D:6:      layout_rooms, nicolae_tso_carved_into_rock
D:7:      layout_layer_cave, nicolae_concentric_dashed_squares_wild, uniq_pikel,
          uniq_prince_ribbit1

Skill      XL: |  1  2  3  4  5  6  7  8 |
---------------+-------------------------+-----
Ranged Weapons | 6 7 8 9 10 11 12 | 12.3
Fighting       | 2 |  2.7
Dodging        | 3 4 |  4.0
Invocations    | 4 |  4.0
Armour         | |  0.1
Stealth        | |  1.2

Action                     |  1- 3 |  4- 6 |  7- 9 || total
---------------------------+-------+-------+-------++-------
   Fire: Shortbow          |    74 |   179 |   180 ||   433
    Use: Scroll            |     2 |     8 |     5 ||    15
         Potion            |       |     5 |     2 ||     7
 Armour: Leather armour    |     3 |       |    59 ||    62
         Ring mail         |     4 |    40 |       ||    44
  Dodge: Dodged            |     5 |    39 |    59 ||   103

Table legend:
 A = Non-vault XP
 B = Vault XP
 C = Vault XP percentage of total XP
 D = Non-vault monster count
 E = Vault monster count
 F = Vault count percentage of total count
                 A         B        C        D         E       F
            +---------+---------+-------+---------+---------+-------
      Total |    1652 |     257 |  13.5 |      96 |       7 |   6.8
            +---------+---------+-------+---------+---------+-------
        D:1 |      32 |       3 |   8.6 |      20 |       2 |   9.1
        D:2 |      70 |       0 |   0.0 |      13 |       0 |   0.0
        D:3 |      65 |      43 |  39.8 |      17 |       4 |  19.0
        D:4 |     307 |     211 |  40.7 |      15 |       1 |   6.2
        D:5 |     431 |       0 |   0.0 |      12 |       0 |   0.0
        D:6 |     705 |       0 |   0.0 |      18 |       0 |   0.0
        D:7 |      42 |       0 |   0.0 |       1 |       0 |   0.0
            +---------+---------+-------+---------+---------+-------
